 Dungeon Crawl Stone Soup version 0.21-a0-179-gd2bfb5f (webtiles) character file.

3045 namelastname112 the Summoner (level 9, -7/78 HPs)
             Began as a Red Draconian Summoner on Aug 10, 2017.
             Shot with an arrow by a centaur (18 damage)
             ... on level 7 of the Dungeon.
             The game lasted 00:10:38 (6212 turns).

namelastname112 the Summoner (DrSu)                 Turns: 6212, Time: 00:10:39

Health: -7/78      AC: 10    Str:  8    XL:     9   Next: 56%
Magic:  8/17       EV: 15    Int: 18    God:    Xom [..*...]
Gold:   418        SH:  0    Dex: 13    Spells: 13/19 levels left

rFire    + . .     SeeInvis .   s - +4 quarterstaff (chaos)
rCold    + . .     Gourm    .   (shield currently unavailable)
rNeg     . . .     Faith    .   (armour unavailable)
rPois    +         Spirit   .   (helmet restricted)
rElec    .         Reflect  .   t - +0 cloak {rPois}
rCorr    .         Harm     +   (no gloves)
MR       .....     Rnd*Rage +   d - +1 pair of boots
Stlth    ++........             w - amulet of harm
HPRegen  0.23/turn              r - ring of protection from cold
MPRegen  0.15/turn              (no ring)

@: short of breath
A: breathe fire, unfitting armour, berserk 1, blink, fire resistance 1, weak 1,
evolution 1, cold-blooded, AC +7
a: Breathe Fire, Blink, Renounce Religion


You were on level 7 of the Dungeon.
You worshipped Xom.
You were a toy of Xom.
You were hungry.

You visited 1 branch of the dungeon, and saw 7 of its levels.

You collected 418 gold pieces.

Inventory:

Hand Weapons
 j - a +2 dagger of venom
 s - a +4 quarterstaff of chaos (weapon)
Armour
 d - a +1 pair of boots (worn)
 t - a +0 cloak of poison resistance (worn)
Jewellery
 r - a ring of protection from cold (left hand)
 w - an amulet of harm (around neck)
 z - an uncursed ring of ice
Wands
 y - a wand of iceblast (6/15)
 A - a wand of disintegration (14/24)
Scrolls
 e - a scroll of noise
 f - 2 scrolls of amnesia {unknown}
 k - 3 scrolls of teleportation {unknown}
 o - a scroll of random uselessness {unknown}
 p - 2 scrolls of immolation {unknown}
 q - 3 scrolls of identify {unknown}
 x - 3 scrolls of remove curse {unknown}
Potions
 c - 8 potions of curing
 h - a potion of lignification {unknown}
 l - 3 potions of invisibility {unknown}
 m - 3 potions of degeneration {unknown}
 n - a potion of haste {unknown}
 v - a potion of brilliance {unknown}
 B - a potion of heal wounds {unknown}
 D - a potion of flight {unknown}
Books
 a - a book of Callings

   Spells                             Type                      Level
   a - Summon Small Mammal            Summoning                    1
   b - Call Imp                       Summoning                    2
   c - Call Canine Familiar           Summoning                    3
   d - Summon Guardian Golem          Hexes/Summoning              3
   e - Summon Lightning Spire         Summoning/Air                4
   f - Summon Ice Beast               Ice/Summoning                4
Comestibles
 b - 2 bread rations
 g - 3 meat rations
 i - 3 royal jellies
 u - 2 fruits


   Skills:
 + Level 6.5 Fighting
 + Level 5.7 Dodging
 - Level 1.7 Stealth
 + Level 5.6 Spellcasting
 * Level 9.4 Summonings


You had 13 spell levels left.
You knew the following spells:

 Your Spells              Type           Power        Failure   Level  Hunger
a - Summon Small Mammal   Summ           ####         1%          1    None
x - Call Canine Familiar  Summ           #####...     1%          3    ##.....
z - Call Imp              Summ           #####...     1%          2    None


Dungeon Overview and Level Annotations

Branches:
Dungeon (7/15)
 Temple: D:4-7

Altars:
Fedhas
Okawaru
Uskayaw
Xom


Innate Abilities, Weirdness & Mutations

You can breathe blasts of fire.
Your fiery red scales are hard. (AC +7)
You cannot fit into any form of body armour.
Your flesh is heat resistant. (rF+)
You are cold-blooded and may be slowed by cold attacks.
You tend to lose your temper in combat.
You can translocate small distances at will.
You are weak. (Str -2)
You evolve.


Message History

You now have 12/17 mp.
Casting: Call Imp
Confirm with . or Enter, or press ? or * to list all spells.
Your hound disappears in a puff of smoke!
You now have 9/17 mp.
Casting: Call Canine Familiar
Confirm with . or Enter, or press ? or * to list all spells.
A beastly little devil appears in a puff of frigid air.
You now have 8/17 mp.
Your hound bites the worker ant zombie.
Your crimson imp hits the worker ant zombie but does no damage.
You hit the ball python.
You kill the ball python!
The centaur shoots an arrow.
The arrow hits you!
* * * LOW HITPOINT WARNING * * *
The arrow freezes you.
* * * LOW HITPOINT WARNING * * *
Your hound bites the worker ant zombie but does no damage.
The centaur shoots an arrow.
The arrow hits you!
You die...

##.......## .......
#.........# ......#
#.........# ...b.#
#.........# ##.S...#
#.....(...### #.....#
#.....(...c.###()#.###
#.........#..c.........
#...<..<..##.S..##.####
#...(....@##(#.....#
#.......5.#..#####...
#...........## ##
##>.......###
##...hZ..# ####.5...
....... .(...## .....#


You could see a centaur, a worker ant zombie, a friendly hound, a friendly
crimson imp and a friendly white imp.

Vanquished Creatures
  The ghost of 4thArraOfDagon the Twirler, a novice DgGl (D:5)
  Eustachio (D:4)
  Menkaure (D:5)
  2 orc warriors (D:6)
  A black bear (D:6)
  2 ice beasts (D:5)
  A sky beast (shapeshifter) (D:6)
  3 ogres
  2 sky beasts (D:5)
  2 phantoms
  2 centaurs (D:6)
  A crocodile (D:7)
  2 bullfrogs
  A jelly (D:5)
  3 scorpions
  A howler monkey (D:5)
  2 crimson imps
  2 bullfrog zombies
  A quasit (D:6)
  A hound (D:6)
  2 orc priests (D:4)
  Terence (D:2)
  An orc wizard (D:4)
  4 worker ants
  A worker ant zombie (D:5)
  7 adders
  A shadow imp (D:5)
  An adder skeleton (D:4)
  3 worms
  3 dart slugs
  3 leopard geckos
  11 orcs
  4 giant cockroaches
  9 hobgoblins
  12 jackals
  7 kobolds
  2 quokkas
  3 ball pythons
  7 bats
  3 frilled lizards (D:3)
  14 goblins
  A leopard gecko skeleton (D:6)
  A quokka skeleton (D:5)
  6 rats
139 creatures vanquished.

Vanquished Creatures (collateral kills)
  Grinder (D:3)
  A jelly (D:6)
  Crazy Yiuf (D:3)
  Robin (D:2)
  A dart slug (D:1)
  2 goblins
  4 hobgoblins
  3 jackals
  A bat (D:1)
  2 frilled lizards (D:1)
  A rat (D:1)
18 creatures vanquished.

Grand Total: 157 creatures vanquished

Notes
Turn   | Place    | Note
-------+----------+-------------------------------------------
     0 | D:1      | namelastname112 the Draconian Summoner began the quest for the Orb.
     0 | D:1      | Reached XP level 1. HP: 14/14 MP: 3/3
   252 | D:1      | Reached XP level 2. HP: 14/22 MP: 5/5
   404 | D:1      | Learned a level 2 spell: Call Imp
   471 | D:1      | Reached skill level 1 in Fighting
   789 | D:2      | Reached XP level 3. HP: 28/28 MP: 6/6
   956 | D:2      | Noticed Robin
  1152 | D:2      | Killed Robin
  1201 | D:2      | Reached XP level 4. HP: 36/36 MP: 7/7
  1470 | D:2      | Noticed Terence
  1482 | D:2      | Killed Terence
  1800 | D:3      | Reached skill level 5 in Summonings
  2052 | D:3      | Found a hide-covered altar of Uskayaw.
  2062 | D:3      | Learned a level 3 spell: Call Canine Familiar
  2114 | D:3      | Found a shimmering altar of Xom.
  2242 | D:3      | Reached XP level 5. HP: 28/41 MP: 8/8
  2287 | D:3      | Became a worshipper of Xom of Chaos
  2550 | D:3      | Noticed Grinder
  2563 | D:3      | XOM: mild Erth miscast
  2567 | D:3      | Paralysed by Grinder for 4 turns
  2573 | D:3      | Paralysed by Grinder for 7 turns
  2576 | D:3      | XOM: cast spell 'Leda's Liquefaction'
  2587 | D:3      | Killed Grinder
  2826 | D:3      | Found a runed door.
  2900 | D:3      | Noticed Crazy Yiuf
  2906 | D:3      | XOM: give mutations
  2906 | D:3      | Gained mutation: Your body sometimes deteriorates upon taking damage. [Xom's mischief]
  2906 | D:3      | Gained mutation: Scrolls take you a little longer to read. [Xom's mischief]
  2906 | D:3      | Gained mutation: You are dopey. (Int -2) [Xom's mischief]
  2943 | D:3      | Killed Crazy Yiuf
  2943 | D:3      | Reached XP level 6. HP: 28/50 MP: 2/10
  2980 | D:3      | XOM: summons 3 hostile demons
  2981 | D:3      | XOM: smoke on damage
  3465 | D:4      | XOM: 1-stop teleportation journey
  3478 | D:4      | XOM: harmless Air miscast
  3489 | D:4      | Reached skill level 6 in Summonings
  3538 | D:4      | Your scales start taking on a fiery red colour.
  3538 | D:4      | Reached XP level 7. HP: 31/57 MP: 10/12
  3538 | D:4      | Gained mutation: Your flesh is heat resistant. (rF+) [Red Draconian growth]
  3806 | D:4      | Noticed Eustachio
  3810 | D:4      | XOM: confusion (+ monsters)
  3823 | D:4      | Killed Eustachio
  4322 | D:4      | Reached skill level 7 in Summonings
  4357 | D:5      | Entered Level 5 of the Dungeon
  4403 | D:5      | Reached XP level 8. HP: 67/67 MP: 12/14
  4475 | D:5      | Lost mutation: You are dopey. (Int -2) [mutagenic meat]
  4476 | D:5      | Gained mutation: You evolve. [mutagenic meat]
  4477 | D:5      | Lost mutation: Your body sometimes deteriorates upon taking damage. [mutagenic meat]
  4565 | D:5      | XOM: 2-stop teleportation journey
  4613 | D:5      | Noticed Menkaure
  4614 | D:5      | XOM: 2-stop teleportation journey
  4624 | D:5      | Reached skill level 5 in Fighting
  4641 | D:5      | Noticed 4thArraOfDagon's ghost (novice DgGl)
  4643 | D:5      | XOM: confuse monster(s)
  4650 | D:5      | XOM: scenery: 1 doors close
  4654 | D:5      | Killed 4thArraOfDagon's ghost
  4654 | D:5      | Reached skill level 8 in Summonings
  4837 | D:5      | XOM: give mutation
  4837 | D:5      | Gained mutation: You can translocate small distances at will. [Xom's grace]
  4949 | D:5      | Reached skill level 5 in Dodging
  5012 | D:5      | XOM: cast spell 'Statue Form'
  5014 | D:5      | XOM: scenery: 1 doors close
  5015 | D:5      | Killed Menkaure
  5015 | D:5      | Reached skill level 5 in Spellcasting
  5015 | D:5      | Reached XP level 9. HP: 75/75 MP: 16/16
  5033 | D:5      | Found an iron altar of Okawaru.
  5142 | D:5      | Lost mutation: Scrolls take you a little longer to read. [evolution]
  5163 | D:5      | Found a blossoming altar of Fedhas.
  5271 | D:6      | XOM: scenery: create altars
  5308 | D:6      | XOM: god gift: jewelled quarterstaff {god gift}
  5311 | D:6      | Got a jewelled quarterstaff {god gift}
  5312 | D:6      | Identified the +2 quarterstaff of Xom's Brutal Revenge {holy, rN+} (Xom gifted it to you on level 6 of the Dungeon)
  5422 | D:6      | Found a hide-covered altar of Uskayaw.
  5431 | D:6      | XOM: potion effect (might)
  5441 | D:6      | Reached skill level 9 in Summonings
  5516 | D:6      | XOM: cloud trail
  5547 | D:6      | XOM: confuse monster(s)
  5609 | D:6      | Gained mutation: You are weak. (Str -2) [mutagenic meat]
  5610 | D:6      | Gained mutation: You tend to lose your temper in combat. [mutagenic meat]
  5734 | D:6      | XOM: god gift: 34 gold pieces
  6062 | D:6      | XOM: confuse monster(s)
  6087 | D:6      | XOM: silly message
  6103 | D:6      | XOM: harmless Pois miscast
  6195 | D:7      | XOM: silly message
  6212 | D:7      | Shot with an arrow by a centaur

Vault maps used:
D:1:      wheals_arrival_linesprint
D:2:      uniq_robin, uniq_terence
D:3:      nicolae_overflow_crystal_walls, first_bread, minmay_splitting_lines,
          palyth_stone_intersect, brannock_xom_greatest_gift,
          uniq_crazy_yiuf_cottage, uniq_grinder
D:4:      corexii_shack, uniq_eustachio
D:5:      kennysheep_little_box, old_standard_altar, uniq_menkaure
D:6:      basic_altar
D:7:      nicolae_ru_the_path_less_chosen, nemelex_xobeh_ov_fountains_minmay,
          minmay_temple_entry_butterflies, uniq_pikel, uniq_duvessa

Skill      XL: |  1  2  3  4  5  6  7  8  9 |
---------------+----------------------------+-----
Dodging        | 2 3 4 5 |  5.7
Fighting       | 1 2 3 4 5 6 |  6.5
Summonings     | 5 6 7 8 9 |  9.4
Spellcasting   | 3 4 5 |  5.6
Stealth        | |  1.7

Action                   |  1- 3 |  4- 6 |  7- 9 || total
-------------------------+-------+-------+-------++-------
Melee: Dagger            |    52 |   115 |       ||   167
       Unarmed           |     8 |       |       ||     8
       Tailslap          |    13 |     9 |    20 ||    42
       Spear             |    66 |       |       ||    66
       Quarterstaff      |       |    30 |   220 ||   250
 Cast: Summon Small Mamm |     2 |       |       ||     2
       Call Imp          |     8 |     5 |     2 ||    15
       Call Canine Famil |       |     3 |     3 ||     6
 Abil: Breathe Fire      |       |       |     5 ||     5
  Use: Potion            |       |     2 |       ||     2
       Scroll            |       |       |     1 ||     1
 Stab: Sleeping          |     6 |     4 |     5 ||    15
       Confused          |       |       |     1 ||     1
       Paralysed         |       |       |     3 ||     3
  Eat: Chunk             |     2 |     5 |    14 ||    21
       Meat ration       |       |     1 |       ||     1
Armor: Skin              |    62 |    54 |   100 ||   216
Dodge: Dodged            |   104 |   106 |   228 ||   438
